 Dungeon Crawl Stone Soup version 0.22-a0-374-g5dfd9e3 (webtiles) character file.

3040 Firecrotchwizard the Thaumaturge (level 9, -3/45 HPs)
             Began as a Deep Elf Fire Elementalist on Apr 26, 2018.
             Was a Follower of Vehumet.
             Killed by nerve-wracking pain
             ... invoked by a shadow imp
              (11 damage)
             ... on level 9 of the Dungeon.
             The game lasted 00:24:26 (9254 turns).

Firecrotchwizard the Thaumaturge (DEFE)             Turns: 9254, Time: 00:24:26

Health: -3/45      AC:  5    Str:  6    XL:     9   Next: 56%
Magic:  17/25      EV: 13    Int: 23    God:    Vehumet [*.....]
Gold:   354        SH:  0    Dex: 15    Spells: 15/28 levels left

rFire    + . .     SeeInvis .   D - +0 dagger (elec)
rCold    x . .     Gourm    .   (no shield)
rNeg     . . .     Faith    .   z - +0 robe
rPois    .         Spirit   .   E - +2 helmet
rElec    .         Reflect  .   (no cloak)
rCorr    .         Harm     .   (no gloves)
MR       .....                  (no boots)
Stlth    +++.......             (no amulet)
HPRegen  0.15/turn              v - ring of fire {rF+, rC-}
MPRegen  0.19/turn              x - ring of stealth {Stlth+}

@: no status effects
A: no striking features
a: Renounce Religion


You were on level 9 of the Dungeon.
You worshipped Vehumet.
Vehumet was aware of your devotion.
You were not hungry.

You visited 2 branches of the dungeon, and saw 9 of its levels.

You collected 354 gold pieces.

Inventory:

Hand Weapons
 a - a +0 hunting sling
   (You found it on level 3 of the Dungeon)
 b - a +3 whip of venom
   (You took it off an orc on level 3 of the Dungeon)
 D - a +0 dagger of electrocution (weapon)
   (You found it on level 7 of the Dungeon)
Missiles
 d - 201 stones (quivered)
 i - 11 curare-tipped needles
 C - 15 sling bullets
Armour
 m - a +1 helmet
   (You found it on level 2 of the Dungeon)
 z - a +0 robe (worn)
 E - a +2 helmet (worn)
   (You took it off Robin on level 4 of the Dungeon)
Jewellery
 v - a ring of fire (left hand) {rF+, rC-}
   (You found it on level 2 of the Dungeon)
 x - a ring of stealth (right hand) {Stlth+}
   (You took it off a crimson imp on level 6 of the Dungeon)
Wands
 l - a wand of polymorph (9)
   (You found it on level 5 of the Dungeon)
 q - a wand of enslavement (14)
   (You found it on level 6 of the Dungeon)
Scrolls
 e - 4 scrolls of teleportation
 f - 2 scrolls of enchant armour
 k - 3 scrolls of fear
 n - a scroll of identify
 r - 3 scrolls of amnesia
 B - 4 scrolls of remove curse
Potions
 g - a potion of haste {unknown}
 h - a potion of degeneration {unknown}
 j - 2 potions of mutation {unknown}
 o - 2 potions of lignification {unknown}
 p - a potion of flight {unknown}
 s - 2 potions of heal wounds {unknown}
 t - 4 potions of brilliance
 u - a potion of resistance {unknown}
 w - a potion of magic {unknown}
 y - a potion of curing
 A - a potion of might {unknown}
Comestibles
 c - 14 rations {@e1}
 F - 5 chunks of flesh {@w0}


   Skills:
 - Level 2.4 Dodging
 - Level 2.4 Stealth
 + Level 10.3 Spellcasting
 + Level 8.8 Conjurations
 + Level 9.0 Fire Magic


You had 15 spell levels left.
You knew the following spells:

 Your Spells              Type           Power        Failure   Level  Hunger
a - Flame Tongue          Conj/Fire      #####        1%          1    None
c - Conjure Flame         Conj/Fire      ######..     1%          3    None
f - Fireball              Conj/Fire      ######....   3%          5    ####...
s - Sticky Flame          Conj/Fire      ######..     1%          4    #......


Dungeon Overview and Level Annotations

Branches:
Dungeon (7/15)             Temple (1/1) D:4

Altars:
Ashenzari
Cheibriados
Dithmenos
Elyvilon
Gozag
Hepliaklqana
Kikubaaqudgha
Makhleb
Nemelex Xobeh
Qazlal
Ru
Sif Muna
Trog
Vehumet
Wu Jian
Xom
Zin
Lugonu

Annotations:
D:3 adolchristin's ghost, amateur MiBe
D:4 exclusion: Blork the orc, Blork the orc; Dowan; Duvessa; Edmund; Eustachio
D:6 schwasted's ghost, novice HOFi


Message History

Aim: a leopard gecko (severely wounded, clinging)
You feel a surge of power!
The flame tongue hits the leopard gecko.
You kill the leopard gecko!
Vehumet accepts your kill. The leopard gecko bites you.
Something bites the plant.
You take 1 damage, and have 33/45 hp.
You now have 20/25 mp.
Aim: a crocodile You feel a surge of power!
The flame tongue hits the crocodile.
The leopard gecko bites you. The crocodile bites you!
You take 15 damage, and have 18/45 hp.
MASSIVE DAMAGE!!
Aim: a crocodile (lightly wounded)
You feel a surge of power!
The sticky flame hits the crocodile.
The crocodile is covered in liquid flames!
The crocodile burns!
The leopard gecko barely misses you. The crocodile bites you.
You take 3 damage, and have 15/45 hp.
You now have 16/25 mp.
Aim: a crocodile (moderately wounded, covered in liquid flames)
You feel a surge of power!
The flame tongue hits the crocodile.
The crocodile burns!
The leopard gecko closely misses you. The crocodile completely misses you.
The leopard gecko bites you.
You take 1 damage, and have 14/45 hp.
You now have 15/25 mp.
Aim: a crocodile (severely wounded, covered in liquid flames)
You feel a surge of power!
The flame tongue hits the crocodile.
The crocodile appears unharmed.
The crocodile burns!
The crocodile bites you!
* * * LOW HITPOINT WARNING * * *
The leopard gecko bites you.
* * * LOW HITPOINT WARNING * * *
You take 13 damage, and have 1/45 hp.
MASSIVE DAMAGE!!
You now have 14/25 mp.
The crocodile burns!
You see here a frilled lizard corpse.
The crocodile burns!
You kill the crocodile!
Vehumet accepts your kill.
Your Fire Magic skill increases to level 9!
Aim: a leopard gecko (moderately wounded, clinging)
You feel a surge of power!
The sticky flame hits the leopard gecko.
You kill the leopard gecko!
Vehumet accepts your kill.
You now have 11/25 mp.
Things that are here:
a leopard gecko corpse; a frilled lizard corpse You butcher the leopard gecko corpse.
F - 5 chunks of flesh {@w0} (gained 1)
Things that are here:
a leopard gecko skeleton; a frilled lizard corpse You hear an angry hiss.
You now have 354 gold pieces (gained 12).
There isn't anything here!
You start resting.
A frilled lizard comes into view. 4 orcs come into view.
The orc shouts!
You hear a shout!
An orc opens the door.
The orc shouts!
You hear a shout! x2
An orc and an orc warrior come into view.
You hear a shout!
c - 14 rations {@e1} (gained 1)
A shadow imp comes into view.
You see here a potion of brilliance.
t - 4 potions of brilliance (gained 1)
Aim: a shadow imp You feel a surge of power!
The flame tongue hits the shadow imp.
You now have 15/25 mp.
Aim: a shadow imp (lightly wounded)
You feel a surge of power!
The flame tongue hits the shadow imp.
The shadow imp misses you.
You now have 14/25 mp.
Aim: a shadow imp (moderately wounded)
You feel a surge of power!
The flame tongue hits the shadow imp.
The shadow imp hits you.
* * * LOW HITPOINT WARNING * * *
The frilled lizard closely misses you.
You take 2 damage, and have 3/45 hp.
You now have 13/25 mp.
You hit the shadow imp but do no damage.
The shadow imp barely misses you. The frilled lizard barely misses you.
You hit the shadow imp but do no damage.
Lightning courses through the shadow imp!
You kill the shadow imp!
Vehumet accepts your kill. The frilled lizard bites you.
* * * LOW HITPOINT WARNING * * *
You take 3 damage, and have 1/45 hp.
A shadow imp comes into view.
The shadow imp shouts, "Run away, thou canting dread-bolted erk!"
The shadow imp gestures at you. You resist with significant effort.
You feel better. The frilled lizard closely misses you.
The shadow imp hits you but does no damage.
You regained 5 hp, and now have 6/45 hp.
The shadow imp barely misses you.
An ice beast comes into view.
The shadow imp shouts, "Remove thy stench, thou skyhacking crook-pated pissant!"
The shadow imp gestures at you. Pain shoots through your body!
You die...

..
###########...
.............
+.......... ..
#.@#
.Y.###.####
.......5...#
....##..l#.##
....##.#.#..#
#........#.#
#........#.#
#..........#
#.......#..##


You could see a shadow imp and a frilled lizard.

Vanquished Creatures
  2 yaks (D:7)
  A human (D:7)
  2 hogs (D:7)
  A hungry ghost (D:9)
  A phantom (D:4)
  5 ogres
  A crocodile (D:9)
  A big kobold (D:7)
  An elf zombie (D:7)
  4 bullfrogs
  A scorpion (D:9)
  5 killer bees (D:7)
  A wight (D:7)
  A howler monkey (D:6)
  2 crimson imps (D:6)
  2 bullfrog zombies
  2 human zombies (D:7)
  A jelly (D:5)
  An orc priest (D:5)
  4 hounds
  A human skeleton (D:7)
  5 worker ants
  Natasha (thrice) (D:4)
  2 hound skeletons
  3 mummies (D:7)
  Robin (D:4)
  5 adders
  3 shadow imps
  An ooze (D:3)
  2 adder zombies
  A worm (D:3)
  3 dart slugs
  9 leopard geckos
  14 orcs
  2 ball pythons
  6 bats
  3 giant cockroaches
  15 goblins
  5 hobgoblins
  5 jackals
  A quokka (D:3)
  9 frilled lizards
  13 kobolds
  A leopard gecko zombie (D:9)
  4 rats
156 creatures vanquished.

Vanquished Creatures (others)
  3 plants (D:9)
3 creatures vanquished.

Grand Total: 159 creatures vanquished

Notes
Turn   | Place    | Note
-------+----------+-------------------------------------------
     0 | D:1      | Firecrotchwizard the Deep Elf Fire Elementalist began the quest for the Orb.
     0 | D:1      | Reached XP level 1. HP: 10/10 MP: 6/6
   185 | D:1      | Reached XP level 2. HP: 14/15 MP: 2/8
   345 | D:1      | Reached skill level 2 in Conjurations
   839 | D:2      | Found a shimmering altar of Xom.
   951 | D:2      | Reached XP level 3. HP: 19/19 MP: 10/10
  1205 | D:2      | Found a shattered altar of Ashenzari.
  1309 | D:2      | Found a deep blue altar of Sif Muna.
  1552 | D:3      | Learned a level 3 spell: Conjure Flame
  1690 | D:3      | Reached skill level 4 in Spellcasting
  1690 | D:3      | Reached skill level 3 in Conjurations
  1690 | D:3      | Reached skill level 4 in Fire Magic
  1690 | D:3      | Reached XP level 4. HP: 23/24 MP: 4/12
  2087 | D:3      | Noticed adolchristin's ghost (amateur MiBe)
  2356 | D:3      | Found an ornate altar of the Wu Jian Council.
  2718 | D:4      | Noticed Natasha
  2718 | D:4      | Noticed Eustachio
  2801 | D:4      | Found a shadowy altar of Dithmenos.
  2813 | D:4      | Reached skill level 4 in Conjurations
  2813 | D:4      | Reached XP level 5. HP: 25/28 MP: 5/13
  2915 | D:4      | Noticed Edmund
  3009 | D:4      | Found a sparkling altar of Nemelex Xobeh.
  3234 | D:4      | Noticed a phantom
  3264 | D:4      | Killed a phantom
  3264 | D:4      | Reached skill level 5 in Spellcasting
  3264 | D:4      | Reached XP level 6. HP: 10/32 MP: 8/15
  3505 | D:4      | Noticed Robin
  3606 | D:4      | Noticed Duvessa
  3607 | D:4      | Noticed Dowan
  3810 | D:4      | Killed Robin
  3928 | D:4      | Killed Natasha
  3928 | D:4      | Reached skill level 5 in Fire Magic
  4072 | D:4      | Learned a level 4 spell: Sticky Flame
  4125 | D:4      | Found a staircase to the Ecumenical Temple.
  4125 | D:4      | Found an ancient bone altar of Kikubaaqudgha.
  4138 | Temple   | Entered the Ecumenical Temple
  4174 | Temple   | Became a worshipper of Vehumet
  4221 | D:4      | Noticed Natasha
  4226 | D:4      | Killed Natasha
  4238 | D:4      | Noticed Natasha
  4306 | D:4      | Reached skill level 5 in Conjurations
  4413 | D:4      | Noticed Blork the orc
  4448 | D:4      | Killed Natasha
  4481 | D:5      | Entered Level 5 of the Dungeon
  4705 | D:5      | Found a snail-covered altar of Cheibriados.
  4709 | D:5      | Reached skill level 6 in Spellcasting
  4709 | D:5      | Reached XP level 7. HP: 26/36 MP: 12/18
  5448 | D:6      | Found a sacrificial altar of Ru.
  5486 | D:6      | Noticed schwasted's ghost (novice HOFi)
  5741 | D:6      | Reached skill level 6 in Fire Magic
  6168 | D:6      | Found a hazy altar of Hepliaklqana.
  6258 | D:6      | Reached skill level 7 in Spellcasting
  6258 | D:6      | Reached skill level 6 in Conjurations
  6301 | D:6      | Reached XP level 8. HP: 31/41 MP: 15/20
  6664 | D:6      | Found a sacrificial altar of Ru.
  6925 | D:7      | Learned a level 5 spell: Fireball
  6955 | D:7      | Reached skill level 7 in Fire Magic
  7112 | D:7      | Reached skill level 8 in Spellcasting
  7230 | D:7      | Reached skill level 7 in Conjurations
  7557 | D:7      | HP: 10/41 [poisoned by a killer bee]
  7767 | D:7      | Reached skill level 9 in Spellcasting
  7770 | D:7      | Reached * piety under Vehumet
  7770 | D:7      | Offered knowledge of Shock by Vehumet.
  8104 | D:7      | Found an opulent altar of Gozag.
  8105 | D:7      | Found a glowing silver altar of Zin.
  8176 | D:7      | HP: 9/41 [mummy (13)]
  8603 | D:7      | Reached skill level 8 in Fire Magic
  8603 | D:7      | Reached XP level 9. HP: 45/45 MP: 15/24
  8610 | D:7      | Reached skill level 8 in Conjurations
  9032 | D:7      | You fall through a shaft for 2 floors!
  9039 | D:9      | Reached skill level 10 in Spellcasting
  9204 | D:9      | HP: 2/45 [crocodile (13)]
  9206 | D:9      | Reached skill level 9 in Fire Magic
  9236 | D:9      | HP: 3/45 [shadow imp (2)]
  9238 | D:9      | HP: 1/45 [frilled lizard (3)]
  9254 | D:9      | Killed from afar by a shadow imp

Vault maps used:
D:1:      roderic_dead_forest, st_stairs_1
D:2:      lemuel_coloured_pillars_altar, ashenzari_conservatory_becter,
          old_standard_altar, minmay_misc_feat_x
D:3:      old_standard_altar
D:4:      nicolae_dithmenos_shadow_blocks,
          chequers_temple_overflow_statue_of_worship,
          minmay_temple_entry_junction, first_ration, kennysheep_slug_shrine,
          uniq_robin, uniq_grinder, uniq_natasha, uniq_blork_the_orc,
          uniq_duvessa, uniq_edmund, uniq_eustachio
D:5:      kennysheep_little_box, dk_noncrumbling_3
D:6:      nicolae_overflow_hidden_temple, nicolae_ru_the_path_less_chosen,
          basic_altar, st_stairs_14, kennysheep_generic_room_11
D:7:      grunt_temple_overflow_gold_and_silver,
          lemuel_mausoleum_altar_yredelemnul, grunt_livestock
D:9:      david_orc_5, minmay_lizard_king
Temple:   corrupted_temple

Skill      XL: |  1  2  3  4  5  6  7  8  9 |
---------------+----------------------------+-----
Conjurations   | 2 3 4 5 6 7 8 |  8.8
Spellcasting   | 4 5 6 7 9 10 | 10.3
Fire Magic     | 4 5 6 8 9 |  9.0
Dodging        | |  2.4
Stealth        | |  2.4

Action                   |  1- 3 |  4- 6 |  7- 9 || total
-------------------------+-------+-------+-------++-------
Melee: Unarmed           |     1 |       |       ||     1
       Short sword       |    14 |       |       ||    14
       Whip              |     2 |    29 |    81 ||   112
       Dagger            |       |       |    31 ||    31
 Fire: Hunting sling     |       |    33 |    12 ||    45
Throw: Stone             |    44 |    12 |     3 ||    59
 Cast: Flame Tongue      |    56 |   114 |   158 ||   328
       Conjure Flame     |       |     1 |       ||     1
       Sticky Flame      |       |       |    18 ||    18
       Fireball          |       |       |     1 ||     1
  Use: Scroll            |       |     1 |    10 ||    11
       Potion            |       |       |     3 ||     3
 Stab: Sleeping          |     2 |       |     1 ||     3
  Eat: Chunk             |     2 |     6 |     4 ||    12
       Ration            |       |     1 |     4 ||     5
Armor: Robe              |    10 |    25 |    38 ||    73
Dodge: Dodged            |    34 |   109 |   140 ||   283

Table legend:
 A = Spawn XP
 B = Non-spawn XP
 C = Spawn XP percentage of total XP
 D = Spawn monster count
 E = Non-spawn monster count
 F = Spawn count percentage of total count
 G = Total turns spent on level
                    A         B        C        D         E        F      G
               +---------+---------+-------+---------+---------+-------+---------
         Total |       0 |    4344 |   0.0 |       0 |     156 |   0.0 |  9254
               +---------+---------+-------+---------+---------+-------+---------
           D:1 |       0 |      32 |   0.0 |       0 |      20 |   0.0 |   762
           D:2 |       0 |      19 |   0.0 |       0 |       9 |   0.0 |   954
           D:3 |       0 |     146 |   0.0 |       0 |      35 |   0.0 |  1467
           D:4 |       0 |     462 |   0.0 |       0 |      21 |   0.0 |  1245
           D:5 |       0 |     171 |   0.0 |       0 |      12 |   0.0 |  1284
           D:6 |       0 |     794 |   0.0 |       0 |      15 |   0.0 |  1047
           D:7 |       0 |    2079 |   0.0 |       0 |      29 |   0.0 |  2220
           D:9 |       0 |     641 |   0.0 |       0 |      15 |   0.0 |   222
               +---------+---------+-------+---------+---------+-------+---------

Vault maps used:
D:1:      roderic_dead_forest, st_stairs_1
D:2:      lemuel_coloured_pillars_altar, ashenzari_conservatory_becter,
          old_standard_altar, minmay_misc_feat_x
D:3:      old_standard_altar
D:4:      nicolae_dithmenos_shadow_blocks,
          chequers_temple_overflow_statue_of_worship,
          minmay_temple_entry_junction, first_ration, kennysheep_slug_shrine,
          uniq_robin, uniq_grinder, uniq_natasha, uniq_blork_the_orc,
          uniq_duvessa, uniq_edmund, uniq_eustachio
D:5:      kennysheep_little_box, dk_noncrumbling_3
D:6:      nicolae_overflow_hidden_temple, nicolae_ru_the_path_less_chosen,
          basic_altar, st_stairs_14, kennysheep_generic_room_11
D:7:      grunt_temple_overflow_gold_and_silver,
          lemuel_mausoleum_altar_yredelemnul, grunt_livestock
D:9:      david_orc_5, minmay_lizard_king
Temple:   corrupted_temple

Table legend:
 A = Turns spent in this place as a percentage of turns spent in the entire game.
 B = Non-inter-level travel turns spent in this place as a percentage of non-inter-level travel turns spent in the entire game.
 C = Inter-level travel turns spent in this place as a percentage of turns spent in this place.
 D = Turns resting spent in this place as a percentage of non-inter-level travel turns spent in this place.
 E = Turns spent auto-exploring this place as a percentage of non-inter-level travel turns spent in this place.
 F = Non-inter-level travel turns spent in this place divided by the number of levels of this place that you've seen.
                   A       B       C       D       E      F
               +-------+-------+-------+-------+-------+----------------------
         Total | 100.0 | 100.0 |   4.9 |  41.0 |  37.7 | 977.9
       Dungeon |  99.4 |  99.6 |   4.7 |  41.2 |  37.5 | 1096.2
        Temple |   0.6 |   0.4 |  41.5 |   0.0 |  90.3 |  31.0
               +-------+-------+-------+-------+-------+----------------------

Table legend:
 A = Kills in this place as a percentage of kills in entire the game.
 B = Kills by you in this place as a percentage of kills by you in the entire game.
 C = Kills by friends in this place as a percentage of kills by friends in the entire game.
 D = Other kills in this place as a percentage of other kills in the entire game.
 E = Experience gained in this place as a percentage of experience gained in the entire game.
 F = Experience gained in this place divided by the number of levels of this place that you have seen.
                   A       B       C       D       E      F
               +-------+-------+-------+-------+-------+----------------------
         Total | 100.0 | 100.0 |   N/A |   N/A | 100.0 | 482.7
       Dungeon | 100.0 | 100.0 |   N/A |   N/A | 100.0 | 543.0
               +-------+-------+-------+-------+-------+----------------------
